 Dungeon Crawl Stone Soup version 0.16.2-12-gd0ad4c3 (webtiles) character file.

394 Kharon the Firebug (level 6, -8/45 HPs)
             Began as a Demigod Fire Elementalist on Sept 26, 2015.
             Mangled by Sigmund the two-headed ogre (9 damage)
             ... on level 4 of the Dungeon.
             The game lasted 00:50:54 (5226 turns).

Kharon the Firebug (Demigod Fire Elementalist)      Turns: 5226, Time: 00:50:54

Health: -8/45      AC:  8    Str: 11    XL:     6   Next: 26%
Magic:  0/17       EV: 12    Int: 23    God:
Gold:   232        SH:  0    Dex: 16    Spells: 3 memorised, 5 levels left

rFire  . . .     SeeInvis .     l - +0 short sword
rCold  . . .     Clarity  .     x - +0 robe
rNeg   . . .     SustAb   +     (no shield)
rPois  .         Gourm    .     (no helmet)
rElec  .         Spirit   +     w - +2 cloak
rCorr  .         Warding  .     (no gloves)
rMut   .         Stasis   .     m - +2 pair of boots
MR     .....                    z - amulet of guardian spirit
Stlth  ++........               (no ring)
                                (no ring)

@: not resistant to hostile enchantments, unstealthy
A: sustain abilities
a: no special abilities


You were on level 4 of the Dungeon.
You were not hungry.

You visited 1 branch of the dungeon, and saw 4 of its levels.

You collected 232 gold pieces.

Inventory:

Hand weapons
 d - a +0 dagger
 l - a +0 short sword (weapon)
 u - a +0 hunting sling
 A - a +0 short sword
 D - a +0 quarterstaff
Missiles
 o - 18 arrows of flame
 v - 3 stones (quivered)
 y - 9 arrows of frost
 E - 14 sling bullets
Armour
 m - a +2 pair of boots (worn)
 t - a +0 cloak
 w - a +2 cloak (worn)
 x - a +0 robe (worn)
 C - a +0 pair of gloves
Jewellery
 z - an amulet of guardian spirit (around neck)
Magical devices
 s - a wand of polymorph (6)
Scrolls
 a - a scroll of fog
 i - a scroll of amnesia
 q - 2 scrolls of identify
Potions
 e - a potion of haste {unknown}
 f - 3 potions of brilliance
 g - a potion of magic
 j - 2 potions of degeneration
 n - a potion of heal wounds {unknown}
 p - a potion of poison {unknown}
 r - a potion of beneficial mutation {unknown}
 B - a potion of lignification {unknown}
 F - a potion of mutation {unknown}
Books
 b - a book of Flames

   Spells                             Type                      Level
   a - Flame Tongue                   Conjuration/Fire             1
   b - Throw Flame                    Conjuration/Fire             2
   c - Conjure Flame                  Conjuration/Fire             3
   d - Inner Flame                    Hexes/Fire                   3
   e - Sticky Flame                   Conjuration/Fire             4
   f - Fireball                       Conjuration/Fire             5
Comestibles
 c - 3 bread rations
 h - 2 beef jerkies
 k - a royal jelly


   Skills:
 - Level 1.8 Dodging
 - Level 1.7 Stealth
 + Level 3.4 Spellcasting
 + Level 3.1 Conjurations
 * Level 4.9 Fire Magic


You had 5 spell levels left.
You knew the following spells:

 Your Spells              Type           Power        Failure   Level  Hunger
a - Flame Tongue          Conj/Fire      ###..        2%          1    None
b - Conjure Flame         Conj/Fire      ###.....     10%         3    ###....
c - Throw Flame           Conj/Fire      ###...       3%          2    ##.....


Dungeon Overview and Level Annotations

Branches:
Dungeon (4/15)
 Temple: D:4-7

Annotations:
D:4 Sigmund


Innate Abilities, Weirdness & Mutations

Your attributes are resistant to harm.


Message History

Confirm with . or Enter, or press ? or * to list all spells.
You can't see any susceptible monsters within range! (Use Z to cast anyway.) Unknown command.
That item cannot be evoked!
Zapping:
s - a wand of polymorph {zapped: 2} (will waste charges)
Press: ? - help, Shift-Dir - straight line Nothing appears to happen.
Evoking this partially-identified wand wasted a few charges.
Something hits you! Something barely misses you. Something hits you!
Something hits you.
* * * LOW HITPOINT WARNING * * *
The magic dart hits you!
* * * LOW HITPOINT WARNING * * *
You hear some strange, mumbled words.
Something tries to affect you, but you resist.
Found 14 sling bullets.
Something hits you!
* * * LOW HITPOINT WARNING * * *
Something hits you!
You die...

..#>..............
.....#.###########.##
#.....#.....(.........
#..(..#############.##
#.....# #.# #.....#
#.# #.....###########
#.# #.(.)............
....
#...@................
#..........%.........
#....................
#.....$..............
#....................
#..#.#......#####....
#....................
#..#.#....#########..
#....................


There were no monsters in sight!

Vanquished Creatures
  Purgy (D:4)
  The ghost of Typee the Conjurer, an average DECj (D:3)
  A scorpion (D:4)
  A giant frog skeleton (D:4)
  Robin (D:3)
  6 adders
  A worm (D:3)
  3 giant geckos
  An ooze (D:1)
  3 orcs (D:3)
  A bat skeleton (D:4)
  4 giant cockroaches
  16 goblins
  10 hobgoblins
  3 jackals
  A quokka (D:3)
  7 bats
  3 giant newts
  A jackal skeleton (D:4)
  12 kobolds
  12 rats
  A fungus (D:2)
90 creatures vanquished.

Notes
Turn   | Place    | Note
--------------------------------------------------------------
     0 | D:1      | Kharon, the Demigod Fire Elementalist, began the quest for the Orb.
     0 | D:1      | Reached XP level 1. HP: 14/14 MP: 3/3
    55 | D:1      | Reached skill level 1 in Conjurations
   568 | D:1      | Reached XP level 2. HP: 20/20 MP: 2/5
  1394 | D:1      | Reached skill level 3 in Fire Magic
  1496 | D:2      | Reached XP level 3. HP: 26/26 MP: 6/8
  1869 | D:2      | Found a sacrificial altar of Ru.
  2096 | D:2      | Learned a level 1 spell: Flame Tongue
  2100 | D:2      | Learned a level 3 spell: Conjure Flame
  2335 | D:2      | Learned a level 2 spell: Throw Flame
  2810 | D:2      | Reached XP level 4. HP: 33/33 MP: 1/11
  3545 | D:3      | Noticed Typee's ghost (average DECj)
  3564 | D:3      | Killed Typee's ghost
  3564 | D:3      | Reached skill level 4 in Fire Magic
  3564 | D:3      | Reached XP level 5. HP: 19/38 MP: 2/13
  3796 | D:3      | Noticed Robin
  3805 | D:3      | Killed Robin
  4552 | D:4      | Noticed Purgy
  4565 | D:4      | Killed Purgy
  4565 | D:4      | Reached XP level 6. HP: 28/45 MP: 2/17
  5192 | D:4      | Noticed Sigmund
  5195 | D:4      | Noticed Sigmund
  5195 | D:4      | Sigmund changed into Sigmund the two-headed ogre
  5226 | D:4      | HP: 1/45 [something (8)]
  5226 | D:4      | Mangled by Sigmund the two-headed ogre

Action                   |  1- 3 |  4- 6 || total
-------------------------+-------+-------++-------
Melee: Unarmed           |    22 |       ||    22
       Short sword       |    28 |    23 ||    51
 Cast: Flame Tongue      |    69 |    96 ||   165
       Throw Flame       |     5 |     1 ||     6
       Conjure Flame     |     1 |       ||     1
Evoke: Wand              |       |     2 ||     2
  Use: Potion            |     3 |     1 ||     4
       Scroll            |     5 |     2 ||     7
  Eat: Meat ration       |     1 |     1 ||     2
       Pizza             |     1 |       ||     1
       Chunk             |       |     4 ||     4
